AoeStats
← IgloN

Migration

505995371Analyzed
1v1 RM · 19d ago on Sep 12, 2026· 116m 45s· 2 players
Game mode
Random Map
Map size
132×132
Population
200
Speed
Normal
Resources
Standard
Victory
Conquest
Starting age
Dark Age
Ending age
Imperial Age
RankedLock teamsTeams togetherTeam positionsShared explorationLock speedFull tech treeHidden civsTurbo modeCheats
Victory
Defeat
🇨🇱 Chinese · Chile
770
+16
🇳🇴 Vikings · Norway
769
-40
IgloN
12:20 Feudal Age
16:20 Loom
18:19 Fishing Lines
20:11 Gold Mining
20:11 Stone Mining
20:10 Double-Bit Axe
20:37 Horse Collar
24:51 Castle Age
23:08 Scale Mail Armor
23:19 Forging
23:02 Man-at-Arms
23:29 Arson
26:01 Bow Saw
26:06 Gillnets
26:30 Medium Warships
26:36 Long Swordsman
36:06 Iron Casting
35:47 Chain Mail Armor
42:37 Heavy Plow
43:34 Town Watch
44:59 Fletching
45:25 Masonry
45:07 Heated Shot
45:38 Ballistics
45:09 Guard Tower
45:15 Murder Holes
45:31 Fortified Wall
45:02 Treadmill Crane
45:25 Town Patrol
48:16 Gambesons
48:31 Squires
51:43 Imperial Age
51:02 Siphons
51:10 Clinker Construction
51:14 Careening
51:06 Bodkin Arrow
52:25 Two-Handed Swordsman
53:56 Crop Rotation
58:02 Pikeman
58:14 Champion
63:41 Chieftains
64:11 Elite Longship
65:18 Heavy Warships
67:19 Coinage
69:36 Elite Berserk
70:52 Hoardings
69:49 Onager
73:55 Hoardings
73:47 Bogsveigar
75:39 Conscription
76:12 Gold Shaft Mining
82:30 Elite Longship
83:38 Heavy Warships
88:34 Sappers
92:50 Two-Man Saw
92:34 Heavy Scorpion
92:35 Capped Ram
95:37 Siege Ram
nitrozeus
11:14 Feudal Age
11:47 Double-Bit Axe
13:14 Fishing Lines
14:37 Horse Collar
15:28 Gold Mining
25:50 Castle Age
25:52 Demolition Ship
26:42 Medium Warships
28:09 Gillnets
31:29 Clinker Construction
32:19 Ballistics
32:28 Careening
32:34 Stone Mining
33:19 Gold Shaft Mining
35:37 Bow Saw
35:28 Heavy Plow
37:54 Stone Shaft Mining
42:36 Imperial Age
40:42 Heated Shot
40:24 Pikeman
41:36 Masonry
40:57 Light Cavalry
41:47 Bloodlines
41:55 Forging
41:53 Husbandry
42:22 Scale Barding Armor
41:53 Elite Skirmisher
43:30 Town Watch
45:20 Two-Man Saw
45:51 Chemistry
45:35 Shipwright
46:24 Wheelbarrow
46:11 Fletching
48:29 Heavy Warships
49:06 Conscription
49:57 Dry Dock
49:53 Thumb Ring
49:09 Halberdier
50:07 Crossbowman
50:11 Cavalier
50:16 Man-at-Arms
56:30 Chain Barding Armor
56:22 Arbalester
61:28 Siphons
62:59 Padded Archer Armor
64:39 Bodkin Arrow
65:51 Bracer
72:53 Scale Mail Armor
72:56 Squires
72:38 Capped Ram
74:29 Siege Ram
77:59 Iron Casting
82:54 Plate Barding Armor
104:28 Blast Furnace
103:53 Guard Tower
103:52 Arrowslits
104:42 Architecture
Connection lost

Rejoining the realm…

Still unreachable

The connection could not be restored.

Session expired

The server has moved on; the page needs a fresh start.